 Dungeon Crawl Stone Soup version 0.31.0-32-g396128a36d (webtiles) character file.

Game seed: 9009659883569020795

81968 Peloso the Fencer (level 15, -23/139 HPs)
             Began as a Minotaur Fighter on Apr 24, 2024.
             Was a High Priest of Okawaru.
             Killed from afar by a raiju (25 damage)
             ... with a living lightning
             ... on level 2 of the Abyss.
             The game lasted 00:57:22 (17718 turns).

Peloso the Fencer (Minotaur Fighter)               Turns: 17718, Time: 00:57:23

Health: -23/139    AC: 26    Str: 23    XL:     15   Next: 28%
Magic:  13/16      EV: 14    Int:  5    God:    Okawaru [*****.]
Gold:   1477       SH: 23    Dex: 15    Spells: 14/14 levels left

rFire   + . .        a - +0 scimitar
rCold   + . .        d - +2 tower shield
rNeg    . . .        G - +4 chain mail {rF+}
rPois   .            (helmet restricted)
rElec   .            (no cloak)
rCorr   .            i - +0 pair of gloves
SInv    .            y - +0 pair of boots
Will    +....        n - amulet of regeneration
Stlth   +            q - ring of protection from cold
HPRegen 1.23/turn    x - +4 ring of protection
MPRegen 0.15/turn

%: no passive effects
@: heroic
A: horns 2, retaliatory headbutt
a: Renounce Religion, Heroism, Finesse, Duel


You were on level 2 of the Abyss.
You worshipped Okawaru.
Okawaru was extremely pleased with you.
You visited 4 branches of the dungeon, and saw 20 of its levels.
You visited the Abyss 1 time.
You also visited: Sewer, Bailey and Volcano.

You collected 1477 gold pieces.

Inventory:

Hand Weapons
 a - a +0 scimitar (weapon)
 b - a +1 long sword of holy wrath
 c - a +3 falchion of flaming
Armour
 d - a +2 tower shield (worn)
 i - a +0 pair of gloves (worn)
 y - a +0 pair of boots (worn)
 G - a +4 chain mail of fire resistance (worn)
Jewellery
 n - an amulet of regeneration (around neck)
 q - a ring of protection from cold (left hand)
 w - a +6 ring of strength
 x - a +4 ring of protection (right hand)
 J - a ring of resist corrosion
 L - a ring of protection from cold
Talismans
 F - a serpent talisman
 P - a maw talisman
Wands
 B - a wand of flame (18)
 H - a wand of polymorph (5)
 N - a wand of roots (4)
 Q - a wand of mindburst (10)
Scrolls
 e - a scroll of acquirement
 g - 4 scrolls of teleportation
 k - a scroll of noise
 o - 2 scrolls of enchant weapon
 u - a scroll of amnesia
 v - a scroll of fear
 z - 4 scrolls of fog
 C - 2 scrolls of revelation
 I - a scroll of enchant armour
 M - 2 scrolls of immolation
Potions
 f - a potion of might
 h - 3 potions of magic
 j - 6 potions of mutation
 l - 4 potions of invisibility
 m - 2 potions of curing
 p - 12 potions of ambrosia
 r - a potion of cancellation
 s - a potion of attraction
 t - a potion of resistance
 A - 3 potions of haste
 E - a potion of berserk rage


   Skills:
 + Level 14.6(19.6) Fighting
 + Level 16.4(21.4) Long Blades
 + Level 14.5(19.5) Armour
 + Level 8.5(13.5) Dodging
 + Level 3.0(8.0) Stealth
 + Level 13.9(18.9) Shields
 + Level 3.0 Invocations
 + Level 1.0 Evocations
 + Level 1.2 Shapeshifting


You had 14 spell levels left.
You didn't know any spells.
Your spell library contained the following spells:

 Spells                   Type           Power      Damage    Failure   Level
 Shock                    Conj/Air       0%         1d3       96%         1
 Sublimation of Blood     Necr           0%         N/A       99%         2
 Dazzling Flash           Conj/Hex       0%         N/A       100%        3
 Sigil of Binding         Hex            0%         N/A       100%        3
 Volatile Blastmotes      Fire/Tloc      0%         2d10      100%        3
 Dimensional Bullseye     Hex/Tloc       0%         N/A       100%        4
 Passage of Golubria      Tloc           0%         N/A       100%        4
 Petrify                  Alch/Erth      0%         N/A       100%        4
 Arcjolt                  Conj/Air       0%         1d10      100%        5
 Irradiate                Conj/Alch      0%         3d11      100%        5
 Lee's Rapid Deconstruct  Erth           0%         3d4*      100%        5
 Silence                  Hex/Air        0%         N/A       100%        5
 Yara's Violent Unravell  Hex/Alch       0%         3d3       100%        5
 Conjure Ball Lightning   Conj/Air       0%         3x3d6     100%        6
 Starburst                Conj/Fire      0%         6d3       100%        6
 Maxwell's Capacitive Co  Air            0%         ∞         100%        8
 Chain Lightning          Conj/Air       0%         N/A       100%        9
 Summon Small Mammal      Summ           Unusable   N/A       N/A         1
 Call Canine Familiar     Summ           Unusable   N/A       N/A         3
 Tukima's Dance           Hex            Unusable   N/A       N/A         3
 Animate Armour           Summ/Erth      Unusable   N/A       N/A         4
 Summon Lightning Spire   Summ/Air       Unusable   N/A       N/A         4
 Dragon's Call            Summ           Unusable   N/A       N/A         9

Dungeon Overview and Level Annotations

Branches:
Dungeon (12/15)            Temple (1/1) D:7            Lair (5/5) D:10
 Shoals (0/4) Lair:2        Snake (0/4) Lair:2        Slime (0/5) Lair:5
    Orc (2/2) D:12          Sewer (visited)          Bailey (visited)
Volcano (visited)
    Elf: Orc:2

Altars:
Ashenzari
Cheibriados
Dithmenos
Elyvilon
Fedhas
Gozag
Hepliaklqana
Kikubaaqudgha
Makhleb
Nemelex Xobeh
Okawaru
Qazlal
Ru
Sif Muna
Trog
Uskayaw
Vehumet
Wu Jian
Xom
Yredelemnul
Zin
The Shining One
Jiyva

Shops:
D:1 !

Portals:
Abyss: Lair:1

Annotations:
D:4 3 runed translucent doors, zxspectator's ghost, novice GrFi
D:12 Volare
Lair:1 2 transporters, MindCufk's ghost, journeyman DjFE
Lair:3 Dig, exclusion: 2 oklob plants
Orc:1 Erolcha


Innate Abilities, Weirdness & Mutations

You have a pair of horns on your head.
You reflexively headbutt those who attack you in melee.


Message History

The raiju barks! x2
The raiju bursts into living lightning!
The living lightning hits you!
* * * LOW HITPOINT WARNING * * *
The raiju blinks!
You hear a bark!
The raiju bursts into living lightning!
The living lightning hits you!
* * * LOW HITPOINT WARNING * * *
The raiju blinks! x2; You block the raiju's attack.
Unknown command.
You feel much better. You block the raiju's attack. x2
The raiju bursts into living lightning!
The living lightning misses the raiju.
The living lightning hits you!!
* * * LOW HITPOINT WARNING * * *
The raiju blinks!
Unknown command.
You completely miss the raiju. You headbutt the raiju!
The raiju is heavily wounded.
Unknown command.
You hit the raiju but do no damage.
The raiju is heavily wounded.
You block the raiju's attack. x2
Unknown command.
You slash the raiju!
The raiju is severely wounded.
The raiju bursts into living lightning!
The living lightning misses you.
The raiju blinks!
You block the raiju's attack.
Unknown command.
You slash the raiju! Your headbutt misses the raiju.
The raiju is heavily wounded.
A raiju comes into view.
The raiju bites you.
* * * LOW HITPOINT WARNING * * *
The raiju shocks you!
* * * LOW HITPOINT WARNING * * *
The raiju bursts into living lightning!
The living lightning hits you!!
You die...

.......
....h. #
..#.. § ....
. . #..# .. .
#.. ..
####.###### #
#...
#.hh..'....
## # . ..
..#.@...#..#.
# .. .
#§h...# . ..
..+.....# # #
# #.....# ..
.#.....# .
#.. . #.....#
. ...##....##
# ..
....#....#
..... . .
.... .' ...#
. ...


You could see 4 raiju.

Vanquished Creatures
  A very ugly thing (Abyss:2)
  A fire dragon (Volcano)
  5 hydras
  A boulder beetle (D:11)
  Urug (Orc:1)
  3 sun demons (Volcano)
  Amaemon (D:9)
  A spatial maelstrom (Abyss:2)
  A skyshark (Lair:2)
  A necromancer (D:11)
  A salamander (Lair:2)
  2 ugly things
  A cyclops (D:8)
  2 deep elf pyromancers (D:12)
  10 elephants
  4 manticores
  4 black mambas
  A merfolk siren (Lair:2)
  3 smoke demons (Volcano)
  A torpor snail (Lair:1)
  8 cane toads
  A gargoyle (Bailey)
  5 rime drakes
  11 komodo dragons
  An unseen horror (D:11)
  An orange demon (D:9)
  Maggie (D:6)
  A silent spectre (Abyss:2)
  2 polar bears
  2 queen bees
  7 blink frogs
  7 dream sheep
  4 slime creatures (D:12)
  A vampire (Bailey)
  2 wraiths
  6 wyverns
  55 yaks
  3 basilisks (Lair:2)
  A neqoxec (Abyss:2)
  3 steam dragons (Volcano)
  3 fire bats (Lair:2)
  An acid dragon (D:7)
  4 hell hounds (Volcano)
  11 water moccasins
  6 orc warriors
  Pargi (Sewer)
  2 ice beasts
  6 black bears
  2 sky beasts
  23 wolves
  3 centaurs
  4 kobold brigands
  13 bullfrogs
  2 brain worms
  6 scorpions
  8 wights
  65 killer bees
  A howler monkey (D:7)
  7 vampire bats (Bailey)
  4 electric eels (D:11)
  2 lava snakes (Lair:2)
  3 wolf zombies (Bailey)
  A bombardier beetle (D:4)
  3 hounds
  8 orc priests
  A gnoll bouda (D:7)
  7 jellies
  5 iguanas
  8 orc wizards
  8 hell rats
  Natasha (D:2)
  3 polar bear simulacra (D:11)
  2 yak simulacra (D:11)
  2 wolf simulacra (D:11)
  3 gnolls (D:7)
  A river rat (Lair:3)
  3 adders
  A shadow imp (D:6)
  A white imp (D:6)
  2 ribbon worms
  A dart slug (D:2)
  39 orcs
  10 bats
  4 endoplasms
  7 giant cockroaches
  9 goblins
  3 hobgoblins
  3 jackals (D:2)
  9 kobolds
  4 quokkas (D:1)
  5 ball pythons
  8 frilled lizards
  21 orc zombies (Bailey)
  13 rats
  4 river rat simulacra (D:11)
544 creatures vanquished.

Notes
Turn   | Place    | Note
-------+----------+-------------------------------------------
     0 | D:1      | Peloso the Minotaur Fighter began the quest for the Orb.
     0 | D:1      | Reached XP level 1. HP: 19/19 MP: 0/0
    54 | D:1      | Found Diagaq's Distillery.
    85 | D:1      | Reached XP level 2. HP: 27/27 MP: 1/1
   549 | D:1      | Reached XP level 3. HP: 33/33 MP: 2/2
   898 | D:2      | Reached skill level 3 in Long Blades
   900 | D:2      | Noticed Natasha
   903 | D:2      | Killed Natasha
  1063 | D:2      | Reached XP level 4. HP: 41/41 MP: 3/3
  1565 | D:3      | Found a glowing drain.
  1569 | Sewer    | Entered a sewer
  1573 | Sewer    | Reached skill level 4 in Long Blades
  1643 | Sewer    | Noticed a brain worm
  1654 | Sewer    | Killed a brain worm
  1655 | Sewer    | Reached XP level 5. HP: 36/47 MP: 1/4
  1703 | Sewer    | Noticed Pargi
  1725 | Sewer    | Killed Pargi
  1726 | Sewer    | Reached skill level 5 in Long Blades
  1726 | Sewer    | Reached skill level 5 in Armour
  1726 | Sewer    | Reached skill level 1 in Dodging
  1726 | Sewer    | Reached XP level 6. HP: 34/55 MP: 5/5
  1982 | D:3      | Found a faded altar of an unknown god.
  2494 | D:4      | Reached skill level 5 in Fighting
  2545 | D:4      | Found a runed translucent gate.
  2545 | D:4      | Found a runed translucent gate.
  2545 | D:4      | Found a runed translucent gate.
  2561 | D:4      | Noticed zxspectator's ghost (novice GrFi)
  3292 | D:4      | Reached skill level 6 in Long Blades
  3473 | D:5      | Entered Level 5 of the Dungeon
  3473 | D:5      | Noticed a wraith
  3484 | D:4      | Reached XP level 7. HP: 60/61 MP: 6/6
  3487 | D:4      | Killed a wraith
  4141 | D:5      | Reached skill level 7 in Long Blades
  4315 | D:6      | Reached XP level 8. HP: 67/70 MP: 7/7
  4369 | D:6      | Reached skill level 5 in Shields
  4379 | D:6      | Reached skill level 1 in Stealth
  4527 | D:6      | Found a glowing silver altar of Zin.
  4528 | D:6      | Found a bloodstained altar of Trog.
  4585 | D:6      | Noticed Maggie
  4599 | D:6      | Killed Maggie
  4600 | D:6      | Reached skill level 8 in Long Blades
  4876 | D:7      | Found a stormy altar of Qazlal.
  4882 | D:7      | Found a blossoming altar of Fedhas.
  5069 | D:7      | Reached XP level 9. HP: 73/78 MP: 8/8
  5235 | D:7      | Found a staircase to the Ecumenical Temple.
  5256 | Temple   | Entered the Ecumenical Temple
  5269 | Temple   | Became a worshipper of Warmaster Okawaru
  5414 | D:7      | Reached skill level 9 in Long Blades
  5484 | D:7      | Reached * piety under Okawaru
  5768 | D:8      | Noticed a cyclops
  5926 | D:7      | Reached skill level 10 in Long Blades
  6067 | D:7      | Reached ** piety under Okawaru
  6178 | D:8      | Killed a cyclops
  6179 | D:8      | Reached XP level 10. HP: 46/88 MP: 7/9
  6816 | D:9      | Identified the +6 dagger of the Salmon {holy, *Noise rN+++
                  | Str+2}
  7125 | D:9      | Reached skill level 10 in Armour
  7272 | D:9      | Noticed an orange demon
  7273 | D:9      | Noticed Amaemon
  7799 | D:9      | Reached skill level 11 in Long Blades
  7830 | D:9      | Noticed a three-headed hydra
  7834 | D:9      | Killed a one-headed hydra
  7969 | D:9      | Killed an orange demon
  7997 | D:9      | Killed Amaemon
  7997 | D:9      | Reached *** piety under Okawaru
  8095 | D:10     | Entered Level 10 of the Dungeon
  8121 | D:10     | Found a flagged portal.
  8137 | D:10     | Reached skill level 12 in Long Blades
  8137 | D:10     | Reached XP level 11. HP: 84/99 MP: 8/10
  8156 | Bailey   | Entered a bailey
  8400 | Bailey   | Reached skill level 10 in Fighting
  8461 | Bailey   | Identified the +1 robe of Bedevilment {Harm}
  8983 | D:10     | Found a staircase to the Lair.
  9085 | D:10     | Got the Directory of Wicked Spells and Feathers
  9262 | D:11     | Noticed a boulder beetle
  9307 | D:11     | Killed a boulder beetle
  9330 | D:11     | Reached **** piety under Okawaru
  9606 | D:11     | Noticed a four-headed hydra
  9612 | D:11     | Killed a one-headed hydra
  9647 | D:11     | Reached skill level 13 in Long Blades
  9874 | D:11     | Reached ***** piety under Okawaru
  9939 | D:11     | Noticed a necromancer
  9951 | D:11     | Killed a necromancer
  9952 | D:11     | Reached skill level 1 in Evocations
 10623 | D:11     | Noticed a cyan ugly thing
 10637 | D:11     | Killed a cyan ugly thing
 10638 | D:11     | Reached skill level 1 in Invocations
 10752 | Lair:1   | Entered Level 1 of the Lair of Beasts
 10782 | Lair:1   | Reached skill level 14 in Long Blades
 10782 | Lair:1   | Reached XP level 12. HP: 96/110 MP: 11/11
 10882 | Lair:1   | Received a gift from Okawaru
 10947 | D:10     | Reached skill level 5 in Dodging
 11290 | Lair:1   | Reached skill level 10 in Shields
 11425 | Lair:1   | Found a transporter.
 11431 | Lair:1   | Found a transporter.
 11469 | Lair:1   | Found a one-way gate to the infinite horrors of the Abyss.
 11504 | Lair:1   | Noticed MindCufk's ghost (journeyman DjFE)
 12150 | Lair:2   | Received a gift from Okawaru
 12256 | Lair:2   | Found a dark tunnel.
 12266 | Volcano  | Entered a volcano
 12551 | Volcano  | Reached XP level 13. HP: 46/119 MP: 10/13
 12657 | Volcano  | Noticed a fire dragon
 12674 | Volcano  | Killed a fire dragon
 12926 | Volcano  | Identified a scroll of acquirement
 13255 | Lair:2   | Found a staircase to the Shoals.
 13855 | Lair:2   | Reached skill level 15 in Long Blades
 14098 | Lair:2   | Found a staircase to the Snake Pit.
 14952 | Lair:3   | Received a gift from Okawaru
 15006 | Lair:3   | You fall into a shaft and drop 2 floors!
 15006 | Lair:5   | Entered Level 5 of the Lair of Beasts
 15169 | Lair:5   | Found a staircase to the Slime Pits.
 15176 | Lair:5   | Found a viscous altar of Jiyva.
 15424 | Lair:4   | Received a gift from Okawaru
 15780 | Lair:4   | Reached ****** piety under Okawaru
 15927 | Lair:3   | Reached XP level 14. HP: 71/132 MP: 14/14
 16066 | Lair:3   | Got the Anthology of Phantasmal Electrocution
 16167 | Lair:3   | Received a gift from Okawaru
 16748 | D:12     | Reached skill level 16 in Long Blades
 16823 | D:12     | Found an opulent altar of Gozag.
 16830 | D:12     | Found an opulent altar of Gozag.
 16830 | D:12     | Found an opulent altar of Gozag.
 16835 | D:12     | Found an opulent altar of Gozag.
 16854 | D:12     | Reached skill level 1 in Shapeshifting
 16854 | D:12     | Reached XP level 15. HP: 139/139 MP: 14/16
 17178 | D:12     | Found a staircase to the Orcish Mines.
 17283 | Orc:1    | Entered Level 1 of the Orcish Mines
 17444 | Orc:2    | Entered Level 2 of the Orcish Mines
 17457 | Orc:2    | Noticed Erolcha
 17457 | Orc:2    | Noticed Urug
 17498 | Orc:1    | Killed Urug
 17567 | Abyss:2  | Cast into level 2 of the Abyss (Erolcha)
 17713 | Abyss:2  | HP: 4/139 [raiju/living lightning (10)]
 17718 | Abyss:2  | HP: 2/139 [raiju (8)]
 17718 | Abyss:2  | Killed from afar by a raiju

Illustrated notes

Levels and vault maps discovered:
D:1:      dpeg_arrival_tiny_k, layout_rooms, serial_forest,
          infiniplex_forest_clump_diagonal, infiniplex_forest_end_3,
          infiniplex_forest_clump_tiny, infiniplex_forest_zigzag_1,
          serial_shops, shop, minmay_tromino_v4_b
D:2:      layout_basic, minmay_tree_intersection, minmay_misc_feat_tower,
          uniq_natasha
D:3:      layout_basic, mainiacjoe_sewer_entry_somewhere_in_here_2,
          hellmonk_ecumenical_altar_slurped_away
D:4:      layout_loops_corners, gammafunk_ghost_necromancy
D:5:      layout_rooms, minmay_misc_feat_four_crosses
D:6:      layout_rooms, gammafunk_temple_overflow_pools, uniq_maggie
D:7:      layout_gridville, grunt_temple_overflow_forces_of_nature,
          minmay_temple_entry_mini_moons
D:8:      layout_rooms
D:9:      layout_grid_maze, hangedman_ranch, uniq_amaemon
D:10:     layout_small_grid, grunt_lair_entry_orc_guard_hut, enter_bailey_2
D:11:     layout_basic, special_room [special_room_bee], eino_house_with_fridge
D:12:     layout_big_octagon, hiddenorc1_lemuel,
          nicolae_gozag_conspicuous_consumption
Temple:   mainiacjoe_temple_coin_purse
Lair:1:   layout_small_grid, gammafunk_ghost_abyssal_escape, grunt_megastairs_4
Lair:2:   layout_small_grid, elwin_shoals_entry_rooms,
          nicolae_snake_entry_warm_welcome, nicolae_volcano_entry_batcave,
          pdpol_lair_neglected_garden, hellmonk_talismancer,
          infiniplex_staircase_pool_2, lemuel_fruit_tree
Lair:3:   hangedman_what_comes_after_a, layout_misc_corridors,
          serial_bayou_shore_b
Lair:4:   cheibrodos_lair_river_kwai, layout_concentric_octagons
Lair:5:   cheibrodos_lair_end_hotspot, layout_long_grid,
          nicolae_slime_entry_field_trip, kilobyte_rumbling_trees
Orc:1:    layout_caves, nicolae_orc_stony_grotto
Orc:2:    st_orc_mages, layout_caves, serial_shops,
          nicolae_shop_tiny_real_fake_doors, nicolae_shop_hallway_plus,
          uniq_erolcha, uniq_urug
Abyss:2:  base:
D:7

Skill      XL: |  1  2  3  4  5  6  7  8  9 10 11 12 13 14 |
---------------+-------------------------------------------+-----
Fighting       | 4 5 6 8 9 11 12 14 | 14.6
Armour         | 4 5 6 8 9 11 12 13 14 | 14.5
Long Blades    | 3 4 5 6 7 8 10 12 14 15 16 | 16.4
Shields        | 4 5 7 8 9 11 12 13 | 13.9
Dodging        | 1 2 3 4 6 7 8 |  8.5
Stealth        | 2 3 |  3.0
Evocations     | 1 |  1.0
Invocations    | 1 2 3 |  3.0
Shapeshifting  | 1 |  1.2

Action                     |  1- 3 |  4- 6 |  7- 9 | 10-12 | 13-15 || total
---------------------------+-------+-------+-------+-------+-------++-------
  Melee: Long sword        |    93 |   149 |   291 |     9 |       ||   542
         Headbutt          |    14 |    20 |    63 |   232 |   241 ||   570
         Scimitar          |       |       |       |   992 |   859 ||  1851
         Falchion          |       |       |       |    10 |    18 ||    28
 Invoke: Heroism           |       |       |     1 |    19 |    11 ||    31
  Evoke: Wand              |       |       |       |     7 |     3 ||    10
    Use: Scroll            |       |     7 |     2 |     7 |     7 ||    23
         Potion            |       |     2 |     1 |     6 |     7 ||    16
 Armour: Scale mail        |    68 |   133 |   124 |       |       ||   325
         Plate armour      |       |       |   146 |   266 |       ||   412
         Chain mail        |       |       |       |   764 |   747 ||  1511
  Dodge: Dodged            |    47 |    75 |   132 |   529 |   420 ||  1203
  Block: Buckler           |    22 |    39 |    89 |   389 |   274 ||   813
         Tower shield      |       |       |       |       |   206 ||   206
